 Dungeon Crawl Stone Soup version 0.30-a0-234-g97d66968fd (webtiles) character file.

Game seed: 18053674667966859547

69 qw the Chopper (level 4, -2/28 HPs)
             Began as a Gargoyle Fighter on Oct 9, 2022.
             Killed from afar by a white imp (5 damage)
             ... with a puff of frost
             ... summoned by Natasha
             ... on level 2 of the Dungeon.
             The game lasted 00:00:30 (1435 turns).

qw the Chopper (Gargoyle Fighter)                   Turns: 1435, Time: 00:00:31

Health: -2/28      AC: 11    Str: 21    XL:     4   Next: 20%
Magic:  4/4        EV:  9    Int:  9    God:
Gold:   20         SH:  4    Dex:  9    Spells: 3/3 levels left

rFire   . . .      SeeInvis .    Y - +0 war axe
rCold   . . .      Faith    .    c - +0 buckler
rNeg    + . .      Spirit   .    b - +0 scale mail
rPois   inf        Reflect  .    k - +0 helmet
rElec   +          Harm     .    (no cloak)
rCorr   .          Rampage  .    (no gloves)
Will    .....                    (no boots)
Stlth   ..........               (no amulet)
HPRegen 0.24/turn                (no ring)
MPRegen 0.09/turn                (no ring)

@: slowed, very slow
A: sickness immunity, AC +3, negative energy resistance 1, electricity
resistance, torment resistance 1, petrification resistance
a: no special abilities


You were on level 2 of the Dungeon.
You visited 1 branch of the dungeon, and saw 2 of its levels.

You collected 20 gold pieces.


Innate Abilities, Weirdness & Mutations

You are immune to sickness and miasma.
Your stone body is resilient. (AC +3)
You are immune to poison.
You resist negative energy. (rN+)
You are resistant to electric shocks. (rElec)
You are resistant to unholy torment.
You are immune to petrification.


   Skills:
 - Level 3.2 Fighting
 + Level 4.0 Axes
 - Level 3.2 Armour
 - Level 3.2 Shields


You had 3 spell levels left.
You didn't know any spells.
Your spell library was empty.

Inventory:

Hand Weapons
 f - a +0 whip
 Y - a +0 war axe (weapon)
Missiles
 i - 5 boomerangs (quivered)
Armour
 b - a +0 scale mail (worn)
 c - a +0 buckler (worn)
 e - a +1 leather armour of cold resistance
 k - a +0 helmet (worn)
Jewellery
 l - a ring of wizardry
Scrolls
 a - 2 scrolls of noise {unknown}
 h - a scroll of fear {unknown}
Potions
 d - a potion of might
 g - a potion of mutation {unknown}
 j - 2 potions of curing {unknown}

Dungeon Overview and Level Annotations

Branches:
Dungeon (2/15)

Altars:

Annotations:
D:2 Natasha


Message History

You closely miss Natasha.
Natasha is almost dead.
You barely miss the white imp. Natasha claws you but does no damage.
You block Natasha's attack.
You closely miss Natasha.
Natasha is almost dead.
You slash the crimson imp! Natasha claws you.
The crimson imp closely misses you. Natasha claws you.
Natasha stares at you and mumbles some strange words.
The magic dart hits you.
You barely miss Natasha.
Natasha is almost dead.
You barely miss the crimson imp.
Natasha seems less brilliant.
The crimson imp barely misses you.
Natasha mumbles some strange words.
Natasha's front paws start to glow.
Natasha barely misses you.
The crimson imp blinks!
You closely miss Natasha.
Natasha is almost dead.
You hit the crimson imp but do no damage.
Natasha claws you but does no damage.
The crimson imp blinks!
The white imp lashes its tail.
Natasha claws you but does no damage.
The white imp hits you but does no damage.
You barely miss Natasha.
Natasha is almost dead.
You closely miss the white imp.
Natasha stares at you and mumbles some strange words.
You resist with some effort. The white imp closely misses you.
Natasha barely misses you.
The white imp grins evilly.
The white imp hits you but does no damage.
You closely miss Natasha.
Natasha is almost dead.
You barely miss the white imp. Natasha claws you but does no damage.
The white imp closely misses you. Natasha claws you but does no damage.
The white imp gestures at you. The puff of frost hits you.
You die...

...........# #...#
#..#.......# #...# .#
...........# #...#.#
...#...#.#######....#
.......#.##........##
..................##
.###..##.##........## .#
#.....#######h5..# .###..####
#@..#.# ......# #...##.#
......# #...# ## ......# #...#
.###..###########.###### .#
#...........#.......#
.###..####.###.#.....#.#
......#.##.###.#...#.#.#######
.............................#


You could see Natasha and a white imp (summoned).

Vanquished Creatures
  Natasha (D:2)
  An adder (D:2)
  2 worms (D:2)
  2 dart slugs (D:1)
  2 ball pythons (D:2)
  4 endoplasms
  A giant cockroach (D:2)
  3 goblins
  A hobgoblin (D:1)
  2 jackals (D:1)
  A kobold (D:1)
  A quokka (D:1)
  A bat (D:1)
  3 frilled lizards
25 creatures vanquished.

Notes
Turn   | Place    | Note
-------+----------+-------------------------------------------
     0 | D:1      | qw the Gargoyle Fighter began the quest for the Orb.
     0 | D:1      | Reached XP level 1. HP: 14/14 MP: 1/1
     0 | D:1      | 0 ||| qw: Version: 0.2-a-17-g06abaee
     0 | D:1      | 0 ||| qw: Game counter: 2334
     0 | D:1      | 0 ||| qw: Always use a shield: true
     0 | D:1      | 0 ||| qw: God list: Okawaru
     0 | D:1      | 0 ||| qw: Allow faded altars: false
     0 | D:1      | 0 ||| qw: Do Orc after D:15 true
     0 | D:1      | 0 ||| qw: Do second Lair branch before Depths: true
     0 | D:1      | 0 ||| qw: Lair rune preference: random
     0 | D:1      | 0 ||| qw: Plans: Normal, Zot:1-4, God:TSO, Crypt, Tomb,
                  | Pan, Slime:5, Hells, Abyss, Orb
     0 | D:1      | 0 ||| PLANNING D:1-11
   206 | D:1      | Reached skill level 2 in Axes
   313 | D:1      | 313 ||| Stepping ~*~*~tactically~*~*~ (stealth).
   326 | D:1      | 326 ||| Stepping ~*~*~tactically~*~*~ (stealth).
   328 | D:1      | 328 ||| Stepping ~*~*~tactically~*~*~ (stealth).
   337 | D:1      | 337 ||| Stepping ~*~*~tactically~*~*~ (stealth).
   338 | D:1      | 338 ||| Stepping ~*~*~tactically~*~*~ (stealth).
   348 | D:1      | Reached XP level 2. HP: 17/19 MP: 2/2
   585 | D:1      | 585 ||| Stepping ~*~*~tactically~*~*~ (hiding).
   588 | D:1      | 588 ||| Stepping ~*~*~tactically~*~*~ (hiding).
   638 | D:1      | Reached skill level 3 in Axes
   818 | D:1      | 818 ||| DROPPING orb of mayhem.
   819 | D:1      | 819 ||| UPGRADING to +0 helmet.
   824 | D:1      | 824 ||| READING scroll labelled WITUUTA VEIRU.
   825 | D:1      | 825 ||| READING scroll labelled OFUVOAPOWU.
   838 | D:2      | Noticed Natasha
   839 | D:2      | 839 ||| Stepping ~*~*~tactically~*~*~ (hiding).
   840 | D:2      | 840 ||| Stepping ~*~*~tactically~*~*~ (hiding).
   852 | D:2      | HP: 4/19 [Natasha (1)]
   857 | D:2      | HP: 1/19 [iron imp[Natasha] (4)]
   858 | D:2      | Killed Natasha
   859 | D:2      | Reached XP level 3. HP: 2/23 MP: 3/3
  1077 | D:2      | Reached XP level 4. HP: 28/28 MP: 4/4
  1234 | D:2      | 1234 ||| Stepping ~*~*~tactically~*~*~ (hiding).
  1235 | D:2      | 1235 ||| Stepping ~*~*~tactically~*~*~ (hiding).
  1236 | D:2      | 1236 ||| Stepping ~*~*~tactically~*~*~ (hiding).
  1237 | D:2      | 1237 ||| Stepping ~*~*~tactically~*~*~ (hiding).
  1238 | D:2      | 1238 ||| Stepping ~*~*~tactically~*~*~ (hiding).
  1246 | D:2      | Reached skill level 4 in Axes
  1416 | D:2      | Noticed Natasha
  1417 | D:2      | 1417 ||| Stepping ~*~*~tactically~*~*~ (hiding).
  1431 | D:2      | HP: 3/28 [Natasha (5)]
  1431 | D:2      | HP: 1/28 [Natasha/magic dart (2)]
  1435 | D:2      | Killed from afar by a white imp

Levels and vault maps discovered:
D:1:      ebering_hopf_link, layout_basic
D:2:      layout_loops_cross, kennysheep_boxes, uniq_natasha

Skill      XL: |  1  2  3  4 |
---------------+-------------+-----
Axes           | 2 3 4 |  4.0
Fighting       | |  3.2
Armour         | |  3.2
Shields        | |  3.2

Action                   |  1- 3 |  4- 6 || total
-------------------------+-------+-------++-------
Melee: War axe           |    78 |    27 ||   105
Throw: Boomerang         |       |     7 ||     7
  Use: Scroll            |     2 |       ||     2
Armor: Scale mail        |    35 |    30 ||    65
Dodge: Dodged            |    41 |    16 ||    57
Block: Buckler           |    12 |     5 ||    17

Table legend:
 A = Non-vault XP
 B = Vault XP
 C = Vault XP percentage of total XP
 D = Non-vault monster count
 E = Vault monster count
 F = Vault count percentage of total count
                 A         B        C        D         E       F
            +---------+---------+-------+---------+---------+-------
      Total |      64 |      35 |  35.4 |      24 |       1 |   4.0
            +---------+---------+-------+---------+---------+-------
        D:1 |      30 |       0 |   0.0 |      14 |       0 |   0.0
        D:2 |      34 |      35 |  50.7 |      10 |       1 |   9.1
            +---------+---------+-------+---------+---------+-------
